 Dungeon Crawl Stone Soup version 0.29-a0-334-gb41bcbb86e (webtiles) character file.

Game seed: 11311552227586683114

87581 iguanaiguana the Blocker (level 16, -11/118 (121) HPs)
             Began as a Formicid Abyssal Knight on Apr 13, 2022.
             Was the Champion of Lugonu.
             Killed from afar by a purple draconian (46 damage)
             ... with a bolt of dispelling energy
             ... summoned by Lugonu's corruption
             ... on level 14 of the Dungeon on Apr 14, 2022.
             The game lasted 01:45:57 (31937 turns).

iguanaiguana the Blocker (Formicid Abyssal Knight) Turns: 31937, Time: 01:45:57

HP:   -11/118 (121) AC: 20    Str: 26    XL:     16   Next: 37%
MP:   19/26         EV:  7    Int: 10    God:    Lugonu [******]
Gold: 1681          SH: 21    Dex: 13    Spells: 15/15 levels left

rFire   + . .      SeeInvis +   b - +7 lajatang (distort)
rCold   . . .      Faith    .   W - +3 kite shield of Golden New Discoveries {Str-2 Dex+2 Stlth+}
rNeg    . . .      Spirit   .   l - +1 plate armour of the Other Side {rPois Str+2}
rPois   +          Reflect  +   (helmet unavailable)
rElec   .          Harm     .   j - +2 cloak {Will+}
rCorr   .          Rampage  .   (no gloves)
Will    +++..      Clarity  +   (no boots)
Stlth   ..........              v - amulet of reflection
HPRegen 0.29/turn               D - ring of protection from fire
MPRegen 0.20/turn               N - ring of willpower

@: lightly drained
A: permanent stasis, dig shafts and tunnels, antennae 3, four strong arms, claws
1, clarity, shaggy fur 1, MP-powered wands
a: Dig, Shaft Self, Renounce Religion, Depart the Abyss, Bend Space, Banish,
Corrupt, Enter the Abyss


You were on level 14 of the Dungeon.
You worshipped Lugonu.
Lugonu was exalted by your worship.
You visited 4 branches of the dungeon, and saw 23 of its levels.
You visited the Abyss 1 time.
You also visited: Sewer and Gauntlet.

You collected 3218 gold pieces.
You spent 1537 gold pieces at shops.

Inventory:

Hand Weapons
 a - the +9 quarterstaff of the Dancing Pariah {drain, rElec Int+5}
   (You took it off an orc wizard on level 8 of the Dungeon)

   A truly terrible weapon, it drains the life of any living foe it strikes.
   Int:       It affects your intelligence (+5).
   rElec:     It insulates you from electricity.
 b - a +7 lajatang of distortion (weapon)
 t - the +7 lajatang of Order {silver, rMut}
   (You found it on level 6 of the Dungeon)

   It inflicts extra damage upon those it strikes, and deals substantially
   increased damage to chaotic, mutated and magically transformed beings.
   rMut:      It protects you from mutation.
Missiles
 g - 4 curare-tipped darts
 C - 36 boomerangs (quivered)
 Z - 9 javelins
Armour
 j - a +2 cloak of willpower (worn)
 l - the +1 plate armour of the Other Side (worn) {rPois Str+2}
   (You bought it in a shop on level 2 of the Orcish Mines)

   Str:       It affects your strength (+2).
   rPois:     It protects you from poison.
 L - a +0 kite shield
 V - a +2 cloak of poison resistance
 W - the +3 kite shield of Golden New Discoveries (worn) {Str-2 Dex+2 Stlth+}
   (You found it on level 13 of the Dungeon)

   Str:       It affects your strength (-2).
   Dex:       It affects your dexterity (+2).
   Stlth:     It makes you more stealthy.
Jewellery
 m - a ring of poison resistance
 v - an amulet of reflection (around neck)
 y - a ring of ice
 D - a ring of protection from fire (left claw)
 E - a ring of wizardry
 N - a ring of willpower (right claw)
 P - a ring of protection from fire
 U - a ring of resist corrosion
 X - a ring of protection from fire
Wands
 d - a wand of acid (14) {@v1}
 k - a wand of charming (1)
 q - a wand of paralysis (1)
 r - a wand of iceblast (16) {@v2}
 u - a wand of digging (11) {@v3}
 A - a wand of polymorph (5)
 S - a wand of mindburst (10)
Scrolls
 n - 2 scrolls of magic mapping {@r5}
 o - 4 scrolls of brand weapon
 p - 2 scrolls of silence
 w - 2 scrolls of enchant armour
 z - a scroll of fear
 B - a scroll of immolation
 G - 2 scrolls of summoning
 I - 7 scrolls of fog
 Q - 2 scrolls of amnesia
 T - 2 scrolls of vulnerability
Potions
 c - 2 potions of lignification
 e - 14 potions of curing {@q1}
 f - 2 potions of cancellation
 h - 3 potions of resistance {@q5}
 i - 2 potions of ambrosia
 s - 7 potions of heal wounds {@q2}
 x - 2 potions of invisibility
 F - 3 potions of flight
 H - 4 potions of mutation
 J - 2 potions of might {@q3}
 K - a potion of magic
 M - a potion of brilliance
 O - 3 potions of attraction
Miscellaneous
 R - a lightning rod (4/4)
 Y - a tin of tremorstones (1/2)


   Skills:
 + Level 9.6 Fighting
 - Level 8.1(11.6) Maces & Flails
 - Level 13.0(14.0) Staves
 * Level 8.4 Throwing
 + Level 11.9 Armour
 - Level 1.0 Dodging
 * Level 14.9 Shields
 + Level 13.9 Invocations
 - Level 6.0 Evocations


You had 15 spell levels left.
You didn't know any spells.
Your spell library contained the following spells:

 Spells                   Type           Power      Damage    Failure   Level
 Magic Dart               Conj           0%         1d3       99%         1
 Shock                    Conj/Air       0%         1d3       99%         1
 Ensorcelled Hibernation  Hex/Ice        0%         N/A       100%        2
 Searing Ray              Conj           0%         2d4       100%        2
 Confusing Touch          Hex            0%         N/A       100%        3
 Dazzling Flash           Conj/Hex       0%         N/A       100%        3
 Spider Form              Tmut/Pois      0%         N/A       100%        3
 Airstrike                Air            0%         N/A       100%        4
 Anguish                  Hex/Necr       0%         N/A       100%        4
 Fulminant Prism          Conj/Hex       0%         3d6       100%        4
 Iskenderun's Mystic Bla  Conj/Tloc      0%         2d3       100%        4
 Petrify                  Tmut/Erth      0%         N/A       100%        4
 Metabolic Englaciation   Hex/Ice        0%         N/A       100%        5
 Yara's Violent Unravell  Hex/Tmut       0%         3d3       100%        5
 Starburst                Conj/Fire      0%         6d3       100%        6
 Statue Form              Tmut/Erth      0%         N/A       100%        6
 Enfeeble                 Hex            0%         N/A       100%        7
 Swiftness                Air            Unusable   N/A       N/A         3

Dungeon Overview and Level Annotations

Branches:
Dungeon (14/15)            Temple (1/1) D:7            Lair (6/6) D:9
  Swamp (0/4) Lair:2        Snake (0/4) Lair:2        Slime (0/5) Lair:5
    Orc (2/2) D:9             Elf (0/3) Orc:2        Vaults (0/5) D:13
  Sewer (visited)         Gauntlet (visited)

Altars:
Ashenzari
Cheibriados
Fedhas
Gozag
Hepliaklqana
Kikubaaqudgha
Makhleb
Nemelex Xobeh
Ru
Sif Muna
Trog
Uskayaw
Vehumet
Wu Jian
Xom
Yredelemnul
Zin
The Shining One
Beogh
Jiyva

Shops:
D:3 !   D:9 [   Orc:2 ![?=*

Annotations:
D:2 Sigmund
D:3 3 runed translucent doors, Juicyj's ghost, amateur GnGl
D:7 2 runed translucent doors, exclusion: orange crystal statue
D:14 corrupted
Lair:2 3 runed translucent doors, freelancePsychic's ghost, journeyman DsAM
Lair:6 corrupted, 1 transporter, HilariousDeathArtist's ghost, journeyman VSCj
Orc:2 2 transporters, robertstho's ghost, journeyman MiBe
Abyss:1 Joseph; Nergalle; Rupert; Urug


Innate Abilities, Weirdness & Mutations

You cannot be hasted, slowed, berserked, paralysed or teleported.
You can dig through walls and to a lower floor.
You have a pair of large antennae on your head. (SInv)
Your four strong arms can wield two-handed weapons with a shield.
You have sharp fingernails.
You possess an exceptional clarity of mind.
You are covered in fur. (AC +1)
You expend magic power (3 MP) to strengthen your wands.


Message History

Space bends around you!
You blink.
The white ugly thing basks in the mutagenic energy from its kin and changes!
Activating: Corrupt (1% risk of failure)
Press: ? - help, Dir - look around, f - activate Lugonu's Hand of Corruption reaches out!
Unknown command.
The cyan ugly thing attacks as you move away!
The cyan ugly thing trunk-slaps you.
* * * LOW HITPOINT WARNING * * *
The cyan ugly thing shocks you!
* * * LOW HITPOINT WARNING * * *
You block the cyan ugly thing's attack.
The lorocyproca hits the cyan ugly thing.
The orange demon stings the cyan ugly thing from afar!
A starcursed mass splits.
The purple draconian breathes dispelling energy at the cyan ugly thing.
The bolt of dispelling energy hits the lorocyproca!!
The bolt of dispelling energy hits the cyan ugly thing!!!
You block the guardian serpent's attack.
Something hits the cyan ugly thing!
The cyan ugly thing dies!
A starcursed mass splits.
The white ugly thing writhes in pain as voices assail its mind.
You block the purple draconian's attack.
A starcursed mass splits.
You block the tentacled starspawn's attack.
The tentacled starspawn tentacle-slaps you but does no damage.
You block the efreet's attack.
The cyan ugly thing engulfs the small abomination.
The cyan ugly thing shocks the small abomination!
The small abomination barely misses the cyan ugly thing.
Something hits the white ugly thing!
The white ugly thing closely misses the lorocyproca.
The death knight closely misses something.
The death knight hits something with a +2 broad axe!!
The death knight hits the small abomination with a +2 broad axe.
A starcursed mass splits.
The purple draconian breathes dispelling energy at the white ugly thing.
The bolt of dispelling energy hits you!!!
You die...

#.......##.<. #..#
#.......##... #..#
#.......##... ...#
#.......##... ##X.#
#.......##... { #..X#
#.......##...
#X.X####...)...##... {
#XdX.##.......##... #
#S@RZ.#.......#
...H...#.#.4####.......#
....u..#..2## #.......#
...u...#.#ux# {#.......#
..z{.{.##xp{{v #.......#
..W{... .u#z{###..>....#
#..p...###{#{###.......#
#.(.###{u#{##.......# {
#......W{####...##..#


You could see a death knight, 2 ugly things, 5 neutral starcursed masses, a
neutral purple draconian (summoned, distracted, catching breath), a neutral
tentacled starspawn (summoned, distracted), a neutral lorocyproca (summoned,
invisible, distracted), a neutral orange demon (summoned, distracted), a neutral
guardian serpent (summoned, distracted), a neutral efreet (summoned,
distracted), a neutral small abomination (summoned, distracted) and a neutral
titan skeleton (summoned, distracted).

Vanquished Creatures
  An orc warlord (Orc:1)
  A balrug (Gauntlet)
  A minotaur (Gauntlet)
  Snorg (Lair:5)
  Harold (D:11)
  A boulder beetle (D:11)
  2 catoblepae
  Fannar (D:12)
  Erolcha (Orc:2)
  3 two-headed ogres
  7 hydras
  Erica (D:9)
  3 centaur warriors
  3 tengu warriors
  11 death yaks
  5 orc high priests
  Sonja (D:12)
  An orange crystal statue (D:12)
  A swamp dragon (Lair:2)
  A wizard (D:13)
  An orc knight (Orc:2)
  A deep elf zephyrmancer (Orc:1)
  A necromancer (Gauntlet)
  3 deep elf pyromancers
  4 cyclopes
  A manticore (D:11)
  5 ugly things
  3 orc sorcerers
  5 black mambas
  9 elephants
  13 cane toads
  2 torpor snails
  3 kobold demonologists
  A rime drake (Lair:5)
  An unseen horror (shapeshifter) (D:14)
  A freezing wraith (D:14)
  5 komodo dragons
  4 tengu conjurers
  10 trolls
  2 polar bears
  3 tyrant leeches (Lair:6)
  A hornet (Lair:3)
  A dream sheep (shapeshifter) (D:12)
  26 blink frogs
  5 slime creatures
  6 dream sheep (Lair:4)
  3 shadows
  A vampire (D:13)
  57 yaks
  A wraith (D:11)
  2 wyverns
  Grum (Lair:1)
  3 basilisks
  A neqoxec (Gauntlet)
  2 chaos spawn (Gauntlet)
  A steam dragon (D:8)
  10 vampire mosquitoes
  2 wargs (Orc:2)
  2 acid dragons
  2 nagas
  16 water moccasins
  23 orc warriors
  A black bear (Lair:3)
  A sky beast (D:5)
  An ice beast (D:6)
  4 ogres
  22 wolves
  A centaur (D:6)
  21 bullfrogs
  3 kobold brigands
  3 necrophages
  2 scorpions
  6 gnoll sergeants
  9 wights
  7 howler monkeys
  7 electric eels
  6 hounds
  A quasit (D:5)
  26 orc priests
  2 gnoll shamans (D:9)
  3 jellies
  Terence (D:2)
  7 iguanas
  25 orc wizards
  6 hell rats (Lair:6)
  26 gnolls
  5 river rats
  13 adders
  14 white imps
  An ufetubus (D:4)
  2 worms
  12 dart slugs
  73 orcs
  3 endoplasms
  6 giant cockroaches
  5 goblins
  6 hobgoblins
  12 jackals
  17 kobolds
  5 quokkas
  13 ball pythons
  7 bats
  6 frilled lizards
  A goblin skeleton (D:5)
  2 goblin zombies (D:5)
  2 hobgoblin zombies (D:5)
  2 kobold zombies (D:5)
  An orc zombie (D:5)
  9 rats
699 creatures vanquished.

Vanquished Creatures (collateral kills)
  A dream sheep (Lair:4)
  An orc wizard (D:8)
  An orc (D:8)
3 creatures vanquished.

Vanquished Creatures (others)
  A hydra (D:12)
  A deep elf archer (Orc:1)
  An ugly thing (D:14)
  4 elephants (Lair:6)
  A torpor snail (Lair:6)
  A cane toad (Lair:6)
  A rime drake (Lair:6)
  6 blink frogs (Lair:6)
  A slime creature (D:12)
  A vampire mosquito (Lair:6)
  3 water moccasins (Lair:6)
  A spatial vortex (D:14)
  3 wolves (Lair:6)
  A bullfrog (Lair:6)
  2 gnolls (D:9)
  A giant cockroach (D:3)
  35 fungi
  130 plants
  5 starspawn tentacles (Lair:6)
199 creatures vanquished.

Grand Total: 901 creatures vanquished

Notes
Turn   | Place    | Note
-------+----------+-------------------------------------------
     0 | Abyss:1  | iguanaiguana the Formicid Abyssal Knight began the quest
                  | for the Orb.
     0 | Abyss:1  | Reached XP level 1. HP: 18/18 MP: 2/2
     3 | Abyss:2  | Found a corrupted altar of Lugonu.
    35 | Abyss:2  | Noticed a ynoxinul
    41 | D:1      | Escaped the Abyss
   139 | D:1      | Reached skill level 1 in Dodging
   227 | D:1      | Reached XP level 2. HP: 24/24 MP: 3/3
   527 | D:1      | Reached XP level 3. HP: 25/29 MP: 4/4
  1408 | D:2      | Reached XP level 4. HP: 35/35 MP: 5/5
  1844 | D:2      | Noticed Sigmund
  2130 | D:2      | Noticed Terence
  2414 | D:2      | Killed Terence
  2415 | D:2      | Reached XP level 5. HP: 26/41 MP: 6/6
  2575 | D:2      | Reached *** piety under Lugonu
  2633 | D:2      | Reached skill level 5 in Maces & Flails
  2871 | D:2      | Found a faded altar of an unknown god.
  3118 | D:3      | Found a glowing drain.
  3222 | Sewer    | Entered a sewer
  3238 | Sewer    | Reached XP level 6. HP: 47/47 MP: 7/7
  3940 | Sewer    | Reached **** piety under Lugonu
  4215 | Sewer    | Reached XP level 7. HP: 34/52 MP: 8/8
  4952 | D:3      | Found a runed translucent gate.
  4952 | D:3      | Found a runed translucent gate.
  4953 | D:3      | Found a runed translucent gate.
  4953 | D:3      | Noticed Juicyj's ghost (amateur GnGl)
  5013 | D:3      | Found Beupuh's Distillery.
  5100 | D:3      | Bought a potion of heal wounds for 60 gold pieces
  5100 | D:3      | Bought a potion of curing for 36 gold pieces
  6087 | D:4      | Reached skill level 1 in Throwing
  6423 | D:4      | You fall into a shaft and drop 2 floors!
  6457 | D:5      | Entered Level 5 of the Dungeon
  6473 | D:5      | Reached XP level 8. HP: 60/60 MP: 10/10
  6839 | D:5      | Found a glowing golden altar of the Shining One.
  7519 | D:6      | Reached skill level 5 in Invocations
  7640 | D:6      | Found the +7 lajatang of Order {silver, rMut}
  7860 | D:6      | Reached skill level 1 in Staves
  7860 | D:6      | Reached XP level 9. HP: 52/66 MP: 12/12
  8791 | D:6      | Reached ***** piety under Lugonu
  8795 | D:6      | Reached skill level 5 in Staves
  9066 | D:7      | Noticed Joseph
  9068 | D:7      | Banished Joseph
  9291 | D:7      | Found a runed translucent door.
  9298 | D:7      | Found the +10 tower shield of Ignorance {rN+ Int-4}
  9327 | D:7      | Found a runed translucent door.
  9334 | D:7      | Noticed an orange crystal statue
  9560 | D:7      | Reached XP level 10. HP: 65/73 MP: 13/13
  9617 | D:7      | Found a staircase to the Ecumenical Temple.
  9722 | Temple   | Entered the Ecumenical Temple
 10788 | D:8      | Noticed a two-headed ogre
 10810 | D:8      | Killed a two-headed ogre
 10811 | D:8      | Reached skill level 10 in Staves
 10890 | D:8      | Noticed a catoblepas
 10897 | D:8      | Killed a catoblepas
 11025 | D:8      | Identified the +9 quarterstaff of the Dancing Pariah
                  | {drain, rElec Int+5}
 11039 | D:8      | Noticed a centaur warrior
 11047 | D:8      | Killed a centaur warrior
 11497 | D:8      | Reached skill level 5 in Armour
 11497 | D:8      | Reached XP level 11. HP: 60/78 MP: 16/16
 11660 | D:8      | Found a shimmering altar of Xom.
 12421 | D:9      | Noticed a brown ugly thing
 12426 | D:9      | Killed a brown ugly thing
 12495 | D:9      | Noticed a six-headed hydra
 12514 | D:9      | Killed a six-headed hydra
 12746 | D:9      | Noticed Erica
 12751 | D:9      | Killed Erica
 13137 | D:9      | Found a blossoming altar of Fedhas.
 13137 | D:9      | Found a sparkling altar of Nemelex Xobeh.
 13431 | D:9      | Found a staircase to the Lair.
 13503 | D:9      | Reached skill level 1 in Shields
 13646 | D:9      | Reached skill level 2 in Shields
 13773 | D:9      | Found Gemafo's Armour Boutique.
 14068 | D:9      | Found a staircase to the Orcish Mines.
 14071 | D:9      | Reached ****** piety under Lugonu
 14317 | Lair:1   | Entered Level 1 of the Lair of Beasts
 14412 | Lair:1   | Noticed Grum
 14628 | Lair:1   | Reached skill level 3 in Shields
 14639 | Lair:1   | Killed Grum
 14746 | Lair:1   | Reached XP level 12. HP: 40/84 MP: 19/19
 15319 | Lair:1   | Reached skill level 4 in Shields
 15920 | Lair:2   | Found a runed translucent gate.
 15920 | Lair:2   | Found a runed translucent gate.
 15920 | Lair:2   | Found a runed translucent gate.
 15921 | Lair:2   | Noticed a 12-headed hydra
 15924 | Lair:2   | Noticed freelancePsychic's ghost (journeyman DsAM)
 15924 | Lair:2   | Noticed a ten-headed hydra
 15971 | Lair:2   | Reached skill level 5 in Shields
 15982 | Lair:2   | Reached skill level 10 in Invocations
 16104 | Lair:2   | Reached skill level 6 in Shields
 16168 | Lair:2   | Found a staircase to the Snake Pit.
 16472 | Lair:2   | Found a staircase to the Swamp.
 16472 | Lair:2   | Noticed a swamp dragon
 16493 | Lair:2   | Killed a swamp dragon
 16747 | Lair:2   | Noticed Nergalle
 16773 | Lair:2   | Banished Nergalle
 16774 | Lair:2   | Reached skill level 7 in Shields
 17052 | Lair:3   | Noticed a four-headed hydra
 17062 | Lair:2   | Killed a four-headed hydra
 17063 | Lair:2   | Reached XP level 13. HP: 64/90 MP: 19/21
 17189 | Lair:2   | Reached skill level 8 in Shields
 18005 | Lair:3   | Reached skill level 5 in Fighting
 18005 | Lair:3   | Reached skill level 1 in Evocations
 18137 | Lair:4   | Noticed an eight-headed hydra
 18405 | Lair:3   | Gained mutation: You are covered in fur. (AC +1) [potion of
                  | mutation]
 18405 | Lair:3   | Gained mutation: You have sharp fingernails. [potion of
                  | mutation]
 18405 | Lair:3   | Gained mutation: You possess an exceptional clarity of
                  | mind. [potion of mutation]
 18405 | Lair:3   | Gained mutation: You expend magic power (3 MP) to
                  | strengthen your wands. [potion of mutation]
 18464 | Lair:4   | Reached skill level 9 in Shields
 18496 | Lair:4   | Killed an eight-headed hydra
 19909 | Lair:5   | Reached skill level 10 in Shields
 20113 | Lair:5   | Found a viscous altar of Jiyva.
 20113 | Lair:5   | Found a staircase to the Slime Pits.
 20188 | Lair:5   | Noticed Snorg
 20513 | D:3      | Bought a potion of heal wounds for 60 gold pieces
 20513 | D:3      | Bought a potion of lignification for 36 gold pieces
 20513 | D:3      | Bought a potion of degeneration for 12 gold pieces
 20728 | Lair:5   | Noticed a five-headed hydra
 21255 | Lair:5   | Killed Snorg
 21315 | Lair:5   | Killed a five-headed hydra
 21316 | Lair:5   | Reached XP level 14. HP: 101/101 MP: 10/22
 21543 | Lair:6   | Entered Level 6 of the Lair of Beasts
 21544 | Lair:6   | Noticed a dire elephant
 21547 | Lair:6   | Noticed HilariousDeathArtist's ghost (journeyman VSCj)
 21733 | Lair:6   | Corrupted Lair:6
 21733 | Lair:6   | Noticed a tentacled starspawn
 21733 | Lair:6   | Noticed a bone dragon
 21733 | Lair:6   | Noticed a starcursed mass
 21733 | Lair:6   | Noticed a tentacled starspawn
 21741 | Lair:6   | Reached skill level 5 in Throwing
 21820 | Lair:6   | Found a transporter.
 21822 | Lair:6   | Noticed a dire elephant
 21950 | Lair:6   | Noticed Urug
 21953 | Lair:6   | Banished Urug
 21954 | Lair:6   | Reached skill level 11 in Shields
 22073 | Lair:6   | Reached skill level 10 in Armour
 22512 | Lair:6   | Reached skill level 5 in Evocations
 22979 | Lair:6   | Reached skill level 12 in Shields
 23577 | Lair:6   | Identified a scroll of acquirement
 23708 | Lair:6   | Found the +6 lightning scales {swift, rElec}
 23913 | Orc:1    | Entered Level 1 of the Orcish Mines
 24330 | Orc:1    | Reached XP level 15. HP: 66/110 MP: 12/24
 24610 | Orc:1    | Noticed an orc warlord
 24627 | Orc:1    | Killed an orc warlord
 25060 | Orc:2    | Entered Level 2 of the Orcish Mines
 25064 | Orc:2    | Found Zajopal's Overcharged Wands.
 25269 | Orc:2    | Bought a wand of digging (11) for 450 gold pieces
 25341 | Orc:2    | Found a gate leading to a gauntlet.
 25348 | Gauntlet | Entered a Gauntlet
 25348 | Gauntlet | Found a transporter.
 25483 | Gauntlet | Found a transporter.
 25486 | Gauntlet | Found a transporter.
 25487 | Gauntlet | Found a transporter.
 25495 | Gauntlet | Found a transporter.
 25498 | Gauntlet | Found a transporter.
 25499 | Gauntlet | Found a transporter.
 25508 | Gauntlet | Found a transporter.
 25511 | Gauntlet | Found a transporter.
 25512 | Gauntlet | Found a transporter.
 25520 | Gauntlet | Found a transporter.
 25523 | Gauntlet | Found a transporter.
 25524 | Gauntlet | Found a transporter.
 25526 | Gauntlet | Noticed a balrug
 25532 | Gauntlet | Found a transporter.
 25783 | Gauntlet | Reached skill level 13 in Shields
 26057 | Gauntlet | Killed a balrug
 26062 | Gauntlet | Identified the -3 pair of boots "Fuadgh" {Regen+}
 26122 | Gauntlet | Identified the +2 ring mail of Demons {Fly rElec}
 27015 | Orc:2    | Found Uskaen's Jewellery Boutique.
 27015 | Orc:2    | Found Hoqamac's Magic Scroll Boutique.
 27016 | Orc:2    | Found Duahovvot's Distillery.
 27191 | Orc:2    | Found Doucoteure's Antique Armour Shop.
 27225 | Orc:2    | Bought 3 scrolls of identify for 60 gold pieces
 27232 | Orc:2    | Bought a faintly humming plate armour for 700 gold pieces
 27232 | Orc:2    | Identified the +1 plate armour of the Other Side {rPois
                  | Str+2} (You bought it in a shop on level 2 of the Orcish
                  | Mines)
 27244 | Orc:2    | Bought a potion of might for 48 gold pieces
 27296 | Orc:2    | Noticed Erolcha
 27310 | Orc:2    | Killed Erolcha
 27371 | Orc:2    | Noticed robertstho's ghost (journeyman MiBe)
 27372 | Orc:2    | Found a transporter.
 27372 | Orc:2    | Identified the +10 dire flail of Efocenaenn {vamp, rElec
                  | Str+5}
 27586 | Orc:2    | Found a staircase to the Elven Halls.
 27765 | Orc:2    | Acquired a +2 lajatang of distortion
 27772 | Orc:2    | Identified a +4 lajatang of distortion (a +2 lajatang of
                  | venom corrupted by Lugonu)
 27772 | Orc:2    | Received a gift from Lugonu
 27783 | Orc:2    | Upgraded the game from 0.29-a0-330-g52719c12eb to
                  | 0.29-a0-334-gb41bcbb86e
 27786 | Orc:2    | Found a transporter.
 27906 | D:10     | Entered Level 10 of the Dungeon
 28114 | D:10     | Found an ornate altar of the Wu Jian Council.
 28114 | D:10     | Found an opulent altar of Gozag.
 28224 | Orc:2    | Bought a scroll of enchant weapon for 75 gold pieces
 29045 | D:11     | Reached skill level 14 in Shields
 29315 | D:11     | Noticed Harold
 29321 | D:11     | Killed Harold
 30091 | D:12     | Noticed Sonja
 30115 | D:12     | Reached XP level 16. HP: 99/116 MP: 26/26
 30122 | D:12     | Killed Sonja
 30416 | D:12     | Noticed Fannar
 30430 | D:12     | Killed Fannar
 30951 | D:13     | Identified the +3 kite shield of Golden New Discoveries
                  | {Str-2 Dex+2 Stlth+}
 31556 | D:13     | Found a gate to the Vaults.
 31851 | D:14     | Noticed Rupert
 31855 | D:14     | Banished Rupert
 31934 | D:14     | Corrupted D:14
 31934 | D:14     | Noticed a tentacled starspawn
 31937 | D:14     | Killed from afar by a purple draconian

Illustrated notes

Levels and vault maps discovered:
D:1:      wheals_arrival_shading, layout_basic
D:2:      minmay_spotlight, layout_loops_ring, chequers_ecumenical_altar_grove,
          nicolae_figureground_pulse, uniq_sigmund, uniq_terence
D:3:      kennysheep_slugbush, layout_basic, portal_sewer_entry_b,
          gammafunk_ghost_nasty_kobolds, serial_shops, shop
D:4:      layout_cave_pods
D:5:      layout_basic, nicolae_tso_besieged_by_evil
D:6:      layout_loops_corners, nicolae_grassy_gnolls
D:7:      layout_basic, minmay_temple_entry_junction_2,
          chequers_guarded_unrand_ignorance, uniq_joseph
D:8:      minmay_distorted_concentric_squares, layout_basic, kennysheep_mini,
          chequers_serial_rivers_large_b, minmay_misc_feat_pillars
D:9:      layout_big_octagon, mainiacjoe_overflow_divided_tiny, david_orc_5,
          serial_gnoll_camp, gnoll_camp_mini_hut, gnoll_camp_huts_moat,
          gnoll_camp_mini_loothouse, gnoll_camp_mini_sergeant, serial_shops,
          shop, uniq_erica
D:10:     layout_cave_pools, gammafunk_temple_overflow_wave
D:11:     layout_basic, skrybe_limestone_x, uniq_harold
D:12:     hourglass_vault, layout_rooms, minivault_16,
          chequers_serial_rivers_marsh, uniq_sonja, uniq_fannar
D:13:     layout_cave_pools, david_vaults_1
D:14:     layout_long_grid, nicolae_dithmenos_the_darkroom, uniq_rupert
Temple:   nicolae_temple_x_marks_the_god
Lair:1:   wander_river, layout_regular_city, portal_ice_cave_entry_imps,
          infiniplex_staircase_pool, uniq_grum
Lair:2:   layout_concentric_octagons, minmay_swamp_entry_reptiles,
          guppyfry_snake_entry_island, gammafunk_ghost_hydra_chop, uniq_nergalle
Lair:3:   layout_chaotic_city, serial_bayou_shore_a,
          infiniplex_staircase_pool_2, grunt_megastairs_5
Lair:4:   layout_loops_ring, minivault_25
Lair:5:   layout_gridlike, dpeg_slime_entry_enclosed_altar,
          serial_bayou_shore_b, uniq_snorg
Lair:6:   minmay_lair_end_frog_pond, layout_small_grid, gammafunk_ghost_arena,
          lemuel_fruit_fields, uniq_urug
Orc:1:    layout_diamond_mine, elf_legates
Orc:2:    st_orc_mages, layout_caves, gammafunk_ghost_smash,
          gauntlet_entry_generic, nicolae_shop_overcharged_wands, uniq_erolcha

Skill      XL: |  1  2  3  4  5  6  7  8  9 10 11 12 13 14 15 16 |
---------------+-------------------------------------------------+-----
Dodging        | 1 |  1.0
Maces & Flails | 3 4 5 7 8 |  8.1
Invocations    | 3 5 7 9 10 11 12 13 | 13.9
Throwing       | 1 2 4 6 7 8 |  8.4
Armour         | 3 5 7 8 9 10 11 | 11.9
Fighting       | 4 6 7 9 |  9.6
Staves         | 1 8 10 12 13 | 13.0
Shields        | 3 7 10 12 14 | 14.9
Evocations     | 3 5 6 |  6.0

Action                   |  1- 3 |  4- 6 |  7- 9 | 10-12 | 13-15 | 16-18 || total
-------------------------+-------+-------+-------+-------+-------+-------++-------
Melee: Mace              |   112 |   203 |   173 |       |       |       ||   488
       Punch             |     1 |     3 |     2 |     1 |       |       ||     7
       Lajatang          |       |       |    92 |   442 |   956 |   117 ||  1607
       Quarterstaff      |       |       |       |    54 |    90 |       ||   144
Throw: Dart              |       |       |     4 |     4 |    24 |     1 ||    33
       Boomerang         |       |       |       |    19 |    49 |       ||    68
       Throwing net      |       |       |       |     2 |     4 |       ||     6
       Javelin           |       |       |       |       |     2 |     1 ||     3
Invok: Depart the Abyss  |     1 |       |       |       |       |       ||     1
       Bend Space        |     1 |     2 |     1 |     6 |    11 |     2 ||    23
       Banish            |       |       |     1 |     4 |     7 |     3 ||    15
       Corrupt           |       |       |       |       |     1 |     1 ||     2
       Brand Weapon With |       |       |       |       |     1 |       ||     1
 Abil: Dig               |       |       |     3 |       |     8 |     2 ||    13
Evoke: Wand              |       |       |     2 |    10 |    30 |     2 ||    44
       Lightning rod     |       |       |       |       |     1 |     4 ||     5
       Tin of tremorston |       |       |       |       |       |     2 ||     2
  Use: Scroll            |       |     6 |     2 |    12 |    16 |     1 ||    37
       Potion            |       |       |       |       |     7 |       ||     7
 Stab: Paralysed         |       |       |       |       |     3 |     3 ||     6
       Invisible         |       |       |       |       |     1 |       ||     1
Armor: Leather armour    |     5 |       |       |       |       |       ||     5
       Scale mail        |    61 |    26 |       |       |       |       ||    87
       Chain mail        |       |   112 |   118 |     3 |       |       ||   233
       Plate armour      |       |       |       |   206 |   327 |    54 ||   587
Dodge: Dodged            |    72 |   105 |    73 |   123 |   140 |    12 ||   525
Block: Other             |       |       |    50 |    46 |       |       ||    96
       Reflection        |       |       |     2 |    15 |     9 |    11 ||    37
       Kite shield       |       |       |       |    30 |   680 |   108 ||   818
       Buckler           |       |       |       |    88 |       |       ||    88

Table legend: (Time is in decaauts)
 A = Elapsed time spent in this place.
 B = Non-inter-level travel time spent in this place.
 C = Inter-level travel time spent in this place.
 D = Time resting spent in this place.
 E = Time spent auto-exploring this place.
 F = Levels seen in this place.
 G = Mean time per level.
                   A        B        C        D        E       F      G
               +--------+--------+--------+--------+--------+-----+--------+
         Total |  31948 |  28873 |   3075 |   6854 |  15658 |  27 | 1183.3 |
       Dungeon |  17091 |  15215 |   1876 |   3097 |   9103 |  14 | 1220.8 |
        Temple |    248 |    248 |      0 |    247 |      0 |   1 |  248.0 |
          Lair |   9008 |   8208 |    800 |   1952 |   4444 |   6 | 1501.3 |
  Orcish Mines |   3196 |   2798 |    398 |    798 |   1194 |   2 | 1598.0 |
         Abyss |     40 |     40 |      0 |      0 |      0 |   2 |   20.0 |
         Sewer |   1541 |   1541 |      0 |    438 |    688 |   1 | 1541.0 |
      Gauntlet |    819 |    819 |      0 |    322 |    228 |   1 |  819.0 |
               +--------+--------+--------+--------+--------+-----+--------+

Top non-repeatable levels by time:
     D:9: 2262 daAuts
   Orc:2: 1831 daAuts
     D:1: 1710 daAuts
  Lair:6: 1708 daAuts
     D:8: 1612 daAuts
  Lair:5: 1609 daAuts
     D:6: 1609 daAuts
  Lair:1: 1590 daAuts
   Sewer: 1541 daAuts
  Lair:3: 1408 daAuts
     D:7: 1373 daAuts
  Lair:2: 1367 daAuts
     D:4: 1366 daAuts
   Orc:1: 1365 daAuts
  Lair:4: 1324 daAuts
